Match 42282651
Unlisted

Match 42282651
End
Engineer Squad
Construct Weapon Support Center
M1919 Machine Gun Team
Selects Special Operations Battlegroup
Selects M29 Weasel Recon Vehicle
M29 Weasel Recon Vehicle
Bazooka Squad
Bazooka Squad
Mechanized Support Center
Construct Barracks
M3 Armored Personnel Carrier
Construct Medical Station
Riflemen Squad
Riflemen Squad
Designate Forward Repair Station
Salvage Crew
Improved M9 Bazooka Rockets
M1918 Browning Automatic Rifles
M3 Armored Personnel Carrier
Selects Mark Vehicle
Improvised Armor
Riflemen Squad
Grenade Package
Selects M4A1 Sherman Whizbang
M4A1 Sherman Whizbang
M4A1 Sherman Whizbang
Selects Raiding Flares
Raiding Flares
M4A1 76mm Conversion
Jesus Christ Loves You, Ask Him
Helmüt
ConcernedApe
dodor12345
0
0

Comments sign in to comment!

No comments posted yet!